AoeStats
← Zxead

Arena

505696574Analyzed
2v2 RM · 20d ago on Sep 10, 2026· 26m 24s· 4 players
Game mode
Random Map
Map size
Medium (4 player)
Population
200
Speed
Normal
Resources
Standard
Victory
Conquest
Starting age
Dark Age
Ending age
Imperial Age
RankedLock teamsTeams togetherTeam positionsShared explorationLock speedFull tech treeHidden civsTurbo modeCheats
Victory
Defeat
🇪🇸 Cumans · Spain
696
+16
🇦🇷 Bulgarians · Argentina
693
+16
🇹🇷 Turks · Türkiye
698
-16
🇹🇷 Magyars · Türkiye
696
-16
fumomuch5515
8:46 Loom
11:54 Feudal Age
12:53 Double-Bit Axe
17:51 Castle Age
18:29 Forging
18:11 Fletching
19:09 Scale Barding Armor
19:14 Elite Skirmisher
21:28 Stone Mining
23:47 Horse Collar
rotrox24
6:16 Loom
11:41 Feudal Age
12:44 Horse Collar
13:41 Wheelbarrow
12:52 Town Watch
13:01 Double-Bit Axe
14:48 Arson
16:11 Gold Mining
27:41 Castle Age
25:55 Forging
25:46 Scale Mail Armor
ashenone
10:52 Feudal Age
17:24 Castle Age
15:54 Double-Bit Axe
15:52 Horse Collar
16:34 Loom
16:43 Gold Mining
17:52 Scale Barding Armor
17:42 Fletching
17:52 Padded Archer Armor
18:47 Wheelbarrow
Zxead
11:04 Feudal Age
9:51 Loom
12:56 Double-Bit Axe
16:16 Horse Collar
20:49 Castle Age
22:47 Stone Mining
23:36 Heavy Plow
23:42 Town Watch
Connection lost

Rejoining the realm…

Still unreachable

The connection could not be restored.

Session expired

The server has moved on; the page needs a fresh start.